General information
- name: grudge02
- type: Custom game
- host: HERNaNDO
- saver: HERNaNDO
map: BrokenShard
- players: 5
- length: 30:36
- speed: Fast
- version: 1.21 W3XP
- replay type: Public
» download(122 KB)
Players
team 1 (winner)
GOKUMaN69 (
teal | 98 APM | 3000 actions | 30:35)
7 Death Knight
3 Death Coil
3 Unholy Aura
1 Death Pact
4 Lich
2 Frost Nova
2 Dark Ritual
» actions
| Assign group hotkey | 64 | |
| Build / train | 105 | |
| Enter build submenu | 27 | |
| Enter hero's abilities submenu | 12 | |
| Give item / drop item | 8 | |
| Right click | 1726 | |
| Select / deselect | 666 | |
| Select group hotkey | 289 | |
| Use ability | 103 | |
3000 total
» units
| Acolyte | 12 | |
| Ghoul | 7 | |
| Crypt Fiend | 24 | |
| Frost Wyrm | 5 | |
48 total
» upgrades
| Creature Attack | 1 | |
| Web | 1 | |
| Creature Carapace | 2 | |
4 total
» buildings
| Crypt | 1 | |
| Graveyard | 1 | |
| Altar of Darkness | 1 | |
| Ziggurat | 10 | |
| Tomb of Relics | 2 | |
| Nerubian Tower | 8 | |
| Halls of the Dead | 4 | |
| Black Citadel | 4 | |
| Sacrificial Pit | 4 | |
| Boneyard | 1 | |
| Spirit Tower | 3 | |
39 total
» build order
00:10 Crypt
00:15 Graveyard
00:46 Altar of Darkness
01:04 Ziggurat
01:06 Ziggurat
01:29 Tomb of Relics
02:05 Nerubian Tower
02:05 Nerubian Tower
02:39 Ziggurat
04:33 Ziggurat
05:30 Halls of the Dead
06:07 Halls of the Dead
06:07 Halls of the Dead
06:07 Halls of the Dead
06:32 Ziggurat
09:32 Ziggurat
12:02 Black Citadel
12:02 Black Citadel
12:02 Black Citadel
12:52 Sacrificial Pit
15:35 Sacrificial Pit
16:05 Sacrificial Pit
17:14 Sacrificial Pit
18:23 Tomb of Relics
19:02 Boneyard
28:31 Ziggurat
28:32 Ziggurat
28:33 Ziggurat
28:50 Ziggurat
29:32 Spirit Tower
29:33 Spirit Tower
29:50 Spirit Tower
29:52 Nerubian Tower
29:52 Nerubian Tower
29:53 Nerubian Tower
» items
| Rod of Necromancy | 3 | |
| Scroll of Town Portal | 3 | |
| Potion of Healing | 4 | |
| Orb of Corruption | 1 | |
11 total
team 2 (loser)
VELOX_NEB (
pink | 109 APM | 3322 actions | 30:35)
5 Far Seer
3 Feral Spirit
2 Chain Lighting
4 Shadow Hunter
2 Hex
2 Healing Wave
» actions
| Assign group hotkey | 106 | |
| Basic commands | 201 | |
| Build / train | 131 | |
| ESC pressed | 3 | |
| Enter build submenu | 22 | |
| Enter hero's abilities submenu | 9 | |
| Remove unit from queue | 1 | |
| Right click | 1544 | |
| Select / deselect | 655 | |
| Select group hotkey | 424 | |
| Use ability | 226 | |
3322 total
» units
| Peon | 11 | |
| Grunt | 29 | |
| Raider | 21 | |
| Troll Witch Doctor | 3 | |
| Demolisher | 1 | |
| Troll Batrider | 7 | |
| Troll Headhunter/Berserker | 1 | |
73 total
» upgrades
| Ensnare | 1 | |
| Berserker Strength | 1 | |
| Pillage | 1 | |
| Melee Weapons | 2 | |
| Armor | 1 | |
| Witch Doctor Training | 2 | |
| Reinforced Defenses | 1 | |
9 total
» buildings
| Altar of Storms | 1 | |
| Orc Burrow | 8 | |
| Barracks | 1 | |
| Voodoo Lounge | 1 | |
| Stronghold | 1 | |
| War Mill | 1 | |
| Watch Tower | 6 | |
| Beastiary | 1 | |
| Great Hall | 1 | |
| Spirit Lodge | 1 | |
| Fortress | 1 | |
23 total
» build order
00:07 Altar of Storms
00:21 Orc Burrow
00:36 Barracks
01:38 Orc Burrow
02:01 Voodoo Lounge
03:54 Stronghold
04:11 War Mill
04:13 Orc Burrow
06:27 Watch Tower
06:33 Beastiary
06:40 Orc Burrow
10:30 Watch Tower
11:06 Watch Tower
11:09 Watch Tower
11:11 Watch Tower
12:46 Great Hall
12:48 Watch Tower
17:09 Orc Burrow
18:08 Spirit Lodge
18:44 Orc Burrow
18:50 Orc Burrow
19:36 Orc Burrow
25:02 Fortress
» items
| Healing Salve | 5 | |
| Lesser Clarity Potion | 11 | |
| Scroll of Speed | 4 | |
| Potion of Healing | 4 | |
| Potion of Mana | 3 | |
| Scroll of Town Portal | 2 | |
| Scroll of Healing | 1 | |
| Scroll of Protection | 1 | |
31 total
observersHERNaNDO,
Dexanth,
GapInTheTooth Chat log
(00:55 / All) GOKUMaN69: gl hf
(00:59 / All) VELOX_NEB: u2
(01:31 / Observers) Dexanth: This replay brought to you by the Magnetic Wolf tourney and Geil products
(01:45 / Observers) Dexanth: Choose Geil for all your product needs
(01:53 / Observers) Dexanth: They are superior to other products
(02:03 / Observers) Dexanth: Made by lesser companies
(02:14 / Observers) Dexanth: Did you know that Geil makes products used by Senator Obama?
(02:24 / Observers) Dexanth: It is true, though they would probably deny it because they are so modest
(02:27 / Observers) HERNaNDO: lol
(02:33 / Observers) Dexanth: On the other hand
(02:37 / Observers) Dexanth: Bush uses NOT GEIL products
(02:47 / Observers) GapInTheTooth: no
(02:47 / Observers) Dexanth: Just another example of why he is a bad president
(02:49 / Observers) HERNaNDO: fvck bush
(02:55 / Observers) GapInTheTooth: Bush uses a competitor's product
(03:06 / Observers) Dexanth: Yes, a non-Geil product
(03:10 / Observers) Dexanth: an example of why he sucks
(03:13 / Observers) HERNaNDO: tjhat guy just likes competing and capitalism and ruining the couintry
(03:27 / Observers) Dexanth: That was a waste of mana
(03:33 / Observers) HERNaNDO: TuRue
(03:34 / Observers) Dexanth: Probably using a non-Geil brain
(04:26 / Observers) Dexanth: Neb starts to get the tech adv
(04:51 / Observers) Dexanth: The choice for Shard is clear
(04:57 / Observers) HERNaNDO: how u mean
(05:00 / Observers) Dexanth: More importantly!
(05:04 / Observers) Dexanth: A map Geil users would choose
(05:16 / Observers) Dexanth: Showcasing once again the superiority of Geil materials
(05:31 / Observers) Dexanth: Products, Hernando
(05:33 / Observers) Dexanth: Products
(05:39 / Observers) Dexanth: Geil sells products.
(06:01 / Observers) Dexanth: grunt ded
(06:09 / Observers) Dexanth: Geil disapproves, sponsorship in danger
(06:33 / Observers) HERNaNDO: earth boner
(07:07 / Observers) Dexanth: Oh nice
(07:10 / Observers) Dexanth: only has to cancel towa
(08:16 / Observers) Dexanth: Shadow Hunta!
(08:19 / Observers) Dexanth: A geil hero
(08:38 / Observers) Dexanth: Come from bhind
(08:51 / Observers) Dexanth: Hex em
(09:19 / Observers) Dexanth: 9 crypt feends
(09:32 / Observers) HERNaNDO: crippled friends
(09:35 / Observers) Dexanth: The ancient evil survives
(09:57 / Observers) Dexanth: 3 fiends
(09:58 / Observers) Dexanth: 4 fiend
(10:03 / Observers) Dexanth: 5 fiend 3 grunt
(10:12 / Observers) Dexanth: 7 fiend 4 grunt
(10:25 / Observers) Dexanth: 8 fiend
(10:43 / Observers) Dexanth: Now tower rush UD
(11:08 / Observers) Dexanth: should have gotten L2 lightning
(11:10 / Observers) Dexanth: not wolf
(11:31 / Observers) Dexanth: Hmm true
(11:43 / Observers) Dexanth: expo goin up
(12:04 / Observers) Dexanth: Look at Mathesons glod
(12:30 / Observers) Dexanth: Attacking without pillage
(12:43 / Observers) Dexanth: Yes but its mad free resource
(13:00 / Observers) Dexanth: 4 tower is fine
(13:14 / Observers) Dexanth: no tp
(13:39 / Observers) Dexanth: One fiend and tp scroll
(13:44 / Observers) Dexanth: And maybe creep
(14:17 / Observers) Dexanth: Neb gettin heaps of free moneys now
(14:36 / Observers) Dexanth: GG
(15:04 / Observers) Dexanth: get shop now
(15:23 / Observers) Dexanth: Johns gettin dead
(15:33 / Observers) Dexanth: Neb should just attack
(15:36 / Observers) Dexanth: unit loss doesnt matter
(15:38 / Observers) Dexanth: if no her oaround
(15:40 / Observers) Dexanth: he has huge cash
(15:51 / Observers) Dexanth: yes
(15:54 / Observers) Dexanth: but he only loses $
(15:56 / Observers) Dexanth: john doesnt get xp
(16:10 / Observers) Dexanth: nubbin out here tho
(16:48 / Observers) Dexanth: He wants wyrms
(16:53 / Observers) Dexanth: hahaha
(16:57 / Observers) Dexanth: coiled the full hp fiend
(17:13 / Observers) Dexanth: SH will fuck them up
(17:18 / Observers) Dexanth: Oops hexed 30s
(17:29 / Observers) Dexanth: should get siege
(18:16 / Observers) Dexanth: Velox needs to stop giving up so much xp
(18:29 / Observers) Dexanth: and get himself spirit link
(18:44 / Observers) Dexanth: For what?
(18:46 / Observers) Dexanth: T3 is like
(18:47 / Observers) Dexanth: orb
(18:48 / Observers) Dexanth: and thats it
(18:59 / Observers) Dexanth: Orc doesnt need anything t3 against UD
(19:18 / Observers) Dexanth: In FFA all it gets you is 3rd hero, orb, and lust
(19:27 / Observers) Dexanth: pff
(19:28 / Observers) Dexanth: oh
(19:32 / Observers) Dexanth: TC mayyybe
(20:07 / Observers) Dexanth: he reallyt just needs l3 chain
(20:13 / Observers) Dexanth: then he can make fiends miserably
(20:31 / Observers) Dexanth: gg scroll there
(20:55 / Observers) Dexanth: oh man
(20:58 / Observers) Dexanth: first non fiend units
(21:12 / Observers) Dexanth: now question is
(21:15 / Observers) Dexanth: will Velox be smart
(21:18 / Observers) Dexanth: and hex wyrms
(21:20 / Observers) Dexanth: instead of dk
(21:34 / Observers) Dexanth: Hex it!
(21:36 / Observers) Dexanth: Ugh
(21:45 / Observers) Dexanth: There we go
(22:19 / Observers) Dexanth: have raiders hit main
(22:40 / Observers) Dexanth: Lich down
(22:49 / Observers) Dexanth: had mana pots
(23:14 / Observers) Dexanth: tp out
(23:30 / Observers) Dexanth: Lets see some bats here
(23:43 / Observers) Dexanth: free xp
(23:53 / Observers) Dexanth: more free xp
(24:11 / All) VELOX_NEB: ick
(24:44 / Observers) Dexanth: Neb is snatching defeat
(24:47 / Observers) Dexanth: from the jaws of victory
(25:24 / Observers) Dexanth: mains down
(25:29 / Observers) Dexanth: if he can intercept this
(25:44 / Observers) HERNaNDO: Woflf
(25:45 / Observers) Dexanth: Not if they just sit thar
(26:10 / Observers) Dexanth: he cant
(26:29 / Observers) Dexanth: needs to hex wyrms
(26:33 / Observers) Dexanth: not dk
(27:50 / Observers) Dexanth: Theres bats finally
(27:58 / Observers) Dexanth: Needs 2nd beastiary 2 little 2 late
(28:11 / Observers) Dexanth: easy way to count expo line is
(28:15 / Observers) Dexanth: See what min peons visible is
(28:21 / Observers) Dexanth: that +1 = total
(28:49 / Observers) Dexanth: if neb scouts well
(28:53 / Observers) Dexanth: and has like 8 bats here
(28:53 / Observers) Dexanth: gg
(29:14 / Observers) Dexanth: now run out!
(29:53 / Observers) Dexanth: no no dont send grunt
(30:11 / Observers) Dexanth: JUSTIFY THE MEANS
(30:14 / Observers) Dexanth: Welp
(30:15 / Observers) Dexanth: gg
(30:25 / Observers) Dexanth: too late
(30:31 / All) VELOX_NEB: bah
(30:32 / All) VELOX_NEB: gg
(30:34 / Observers) Dexanth: Velox